 Dungeon Crawl Stone Soup version 0.14-a0-1585-g835621a (webtiles) character file.

205 HollowCharge the Slasher (level 4, -4/31 HPs)
             Began as a High Elf Skald on Dec 22, 2013.
             Slain by Terence
             ... wielding a +2,+0 flail
              (6 damage)
             ... on Level 3 of the Dungeon.
             The game lasted 00:13:37 (2696 turns).

HollowCharge the Slasher (High Elf Skald)           Turns: 2696, Time: 00:13:37

HP  -4/31        AC  5     Str 12      XL: 4   Next: 32%
MP   9/11        EV  9     Int 16      God:
Gold 115         SH  0     Dex 14      Spells:  3 memorised,  2 levels left

rFire  . . .     SeeInvis .     a - +0 elf falchion
rCold  . . .     Clarity  .     h - +0 elf ring mail
rNeg   . . .     Conserve .     (no shield)
rPois  .         rCorr    .     (no helmet)
rElec  .         rRot     .     (no cloak)
SustAb . .       Spirit   .     (no gloves)
rMut   .         Warding  .     (no boots)
Saprov . . .     Stasis   .     (no amulet)
                                (no ring)
                                (no ring)

@: very slightly contaminated, slightly resistant to hostile enchantments, very
unstealthy
A: no striking features
a: Stop Singing


You were on level 3 of the Dungeon.
You were not hungry.

You visited 1 branch of the dungeon, and saw 3 of its levels.

You collected 115 gold pieces.

Inventory:

Hand weapons
 a - a +0,+0 elven falchion (weapon)
Armour
 b - a +0 elven leather armour
 h - a +0 elven ring mail (worn)
 l - a +0 robe
Comestibles
 d - 3 bread rations
 m - a meat ration
 n - 2 chunks of jackal flesh
 o - a chunk of bat flesh
Scrolls
 e - a scroll of enchant weapon I {unknown}
 g - 2 scrolls of identify {unknown}
 i - a scroll of blinking
Potions
 f - 4 potions of curing {unknown}
 j - 2 potions of might {unknown}
 k - 2 potions of paralysis {unknown}
Books
 c - a book of Battle

   Spells                             Type                      Level
   *Infusion                          Charms                       1
   *Shroud of Golubria                Charms/Translocation         2
   *Song of Slaying                   Charms                       2
   Spectral Weapon                    Hexes/Charms                 3
   Regeneration                       Charms/Necromancy            3


   Skills:
 * Level 3.4 Fighting
 * Level 3.8 Long Blades
 + Level 0.8 Armour
 + Level 2.1 Dodging
 - Level 2.4 Spellcasting
 - Level 3.6 Charms


You had 2 spell levels left.
You knew the following spells:

 Your Spells              Type           Power        Failure   Level  Hunger
a - Infusion              Chrm           ##....       6%          1    #......
b - Song of Slaying       Chrm           ##......     10%         2    ##.....
c - Shroud of Golubria    Chrm/Tloc      #.........   17%         2    ##.....


Dungeon Overview and Level Annotations

Branches:
Dungeon (3/16)

Altars:
Elyvilon

Annotations:
D:3 Terence


Message History

Terence completely misses you.
You hit Terence but do no damage. Terence barely misses you.
You closely miss Terence. Terence hits you but does no damage.
You hit Terence but do no damage. Terence hits you with a flail.
Terence hits you with a flail.
You hit Terence.
Terence is lightly wounded.
Terence hits you with a flail.
You barely miss Terence.
Terence is lightly wounded.
Terence closely misses you.
You barely miss Terence.
Terence is lightly wounded.
Terence hits you with a flail.
You hit Terence but do no damage.
Terence is lightly wounded.
Terence hits you with a flail!
* * * LOW HITPOINT WARNING * * *
Terence hits you with a flail.
You die...

# #.#.# # #.#.# # #.#.#
###.#.# ..#.#.##########
####### ..#.#...........
....... ..#.#...########
......#
###.#...#############......##
# #.###....[....@@r.......>..
# #.# #.#############...#####
# #.# #.###### ...# # #.#
#.....[.. .@... # #.#
###....# #####.. # #.# #.....
###.####...# .....##....#
..#.###.<.#######


You could see Terence and a rat.

Vanquished Creatures
  Jessica (D:2)
  An adder (D:2)
  A grey rat (D:1)
  2 giant geckos
  9 bats
  2 giant cockroaches
  6 goblins
  7 hobgoblins
  10 jackals
  5 kobolds
  13 rats
57 creatures vanquished.

Vanquished Creatures (others)
  A quokka (D:2)
  A giant newt (D:2)
2 creatures vanquished.

Grand Total: 59 creatures vanquished

Notes
Turn   | Place    | Note
--------------------------------------------------------------
     0 | D:1      | HollowCharge, the High Elf Skald, began the quest for the Orb.
     0 | D:1      | Reached XP level 1. HP: 14/14 MP: 4/4
   509 | D:1      | Reached XP level 2. HP: 18/20 MP: 0/6
  1358 | D:1      | Reached XP level 3. HP: 15/25 MP: 8/8
  1695 | D:2      | Noticed Jessica
  1714 | D:2      | Learned a level 2 spell: Song of Slaying
  1718 | D:2      | Learned a level 2 spell: Shroud of Golubria
  2223 | D:2      | Found a white marble altar of Elyvilon.
  2247 | D:2      | Killed Jessica
  2247 | D:2      | Reached XP level 4. HP: 19/31 MP: 5/11
  2683 | D:3      | Noticed Terence
  2696 | D:3      | Slain by Terence

Action                   |  1- 3 |  4- 6 || total
-------------------------+-------+-------++-------
Melee: Falchion          |   166 |    36 ||   202
 Cast: Infusion          |    16 |     1 ||    17
       Song of Slaying   |     2 |     1 ||     3
  Use: Scroll            |     3 |       ||     3
